 Dungeon Crawl Stone Soup version 0.29-a0-289-g2178c42546 (webtiles) character file.

Game seed: 14522056249247231256

19086 Dabor the Basher (level 12, -11/123 HPs)
             Began as a Troll Fighter on Mar 17, 2022.
             Was an Elder of Wu Jian.
             Mangled by Urug
             ... wielding a +0 great mace
              (18 damage)
             ... while petrified by a basilisk
             ... on level 3 of the Lair of Beasts.
             The game lasted 00:24:40 (9769 turns).

Dabor the Basher (Troll Fighter)                    Turns: 9769, Time: 00:24:41

Health: -11/123    AC:  8    Str: 31    XL:     12   Next: 33%
Magic:  11/11      EV:  1    Int:  4    God:    Wu Jian [****..]
Gold:   478        SH:  0    Dex: 16    Spells: 11/11 levels left

rFire   . . .      SeeInvis .   I - +9 mace of the Thirteen Deaths {freeze, rC+ rCorr Str-3 Dex+4}
rCold   + . .      Faith    .   D - +7 tower shield of Repulsion {Harm Str+3 Dex+3 Stlth-}
rNeg    + + +      Spirit   .   M - +0 troll leather armour
rPois   ∞          Reflect  +   P - +2 hat
rElec   .          Harm     +   O - scarf {repulsion}
rCorr   +          Rampage  .   (gloves unavailable)
Will    .....                   (boots unavailable)
Stlth   ..........              f - amulet of reflection
HPRegen 1.90/turn               g - ring of resist corrosion
MPRegen 0.12/turn               a - ring of poison resistance

@: petrified, repel missiles
A: large, unfitting armour, claws 3, regeneration 1, shaggy fur 1, tough skin 1
a: Renounce Religion, Wall Jump, Serpent's Lash


You were on level 3 of the Lair of Beasts.
You worshipped Wu Jian.
Wu Jian was greatly pleased with you.
You visited 3 branches of the dungeon, and saw 15 of its levels.
You also visited: Sewer.

You collected 800 gold pieces.
You spent 322 gold pieces at shops.

Inventory:

Hand Weapons
 p - the +8 whip "Snakebite" {venom, curare, rPois}
   (You found it on level 1 of the Lair of Beasts)

   It poisons the flesh of those it strikes.
   It occasionally inflicts asphyxiating poison on those it strikes, dealing
   poison damage and causing slowness.
   rPois:     It protects you from poison.
 I - the +9 mace of the Thirteen Deaths (weapon) {freeze, rC+ rCorr Str-3 Dex+4}
   (You found it on level 5 of the Dungeon)

   It freezes those it strikes, dealing additional cold damage.
   It can also slow down cold-blooded creatures.
   Str:       It affects your strength (-3).
   Dex:       It affects your dexterity (+4).
   rC:        It protects you from cold.
   rCorr:     It protects you from acid and corrosion.
 N - the +10 whip "Spiderbane" {vorpal, Will+}
   (You found it on level 8 of the Dungeon)

   It inflicts extra damage upon your enemies.
   Will:      It increases your willpower.
Missiles
 j - 28 poisoned darts
Armour
 D - the +7 tower shield of Repulsion (worn) {Harm Str+3 Dex+3 Stlth-}
   (You found it on level 5 of the Dungeon)

   Str:       It affects your strength (+3).
   Dex:       It affects your dexterity (+3).
   Harm:      It increases damage dealt and taken.
   Stlth:     It makes you less stealthy.
 M - a +0 troll leather armour (worn)
 O - a scarf of repulsion (worn)
 P - a +2 hat (worn)
Jewellery
 a - a ring of poison resistance (right claw)
 f - an amulet of reflection (around neck)
 g - a ring of resist corrosion (left claw)
 z - a ring of protection from fire
Wands
 A - a wand of mindburst (14)
 H - a wand of acid (11)
Scrolls
 e - a scroll of fog
 l - 2 scrolls of holy word
 s - a scroll of enchant armour
 y - a scroll of enchant weapon
 B - 6 scrolls of teleportation
 F - a scroll of brand weapon
 G - a scroll of fear
 J - a scroll of summoning
 K - 3 scrolls of blinking
Potions
 b - a potion of berserk rage {unknown}
 c - 2 potions of attraction {unknown}
 d - 2 potions of might
 h - 2 potions of invisibility {unknown}
 i - 6 potions of flight
 k - 3 potions of resistance {unknown}
 m - 3 potions of mutation {unknown}
 n - 3 potions of curing
 r - 2 potions of degeneration {unknown}
 t - 2 potions of haste {unknown}
 v - a potion of magic {unknown}
 w - a potion of heal wounds
Miscellaneous
 o - a box of beasts
 q - a tin of tremorstones (inert)


   Skills:
 + Level 9.1 Fighting
 + Level 9.6 Maces & Flails
 - Level 3.7 Throwing
 + Level 9.1 Dodging
 + Level 7.3 Shields
 + Level 3.7 Evocations


You had 11 spell levels left.
You didn't know any spells.
Your spell library contained the following spells:

 Spells                   Type           Power      Damage    Failure   Level
 Apportation              Tloc           0%         N/A       97%         1
 Sting                    Tmut/Pois      0%         1d3       97%         1
 Poisonous Vapours        Pois/Air       0%         N/A       99%         2
 Gell's Gravitas          Tloc           0%         N/A       100%        3
 Lesser Beckoning         Tloc           0%         N/A       100%        3
 Portal Projectile        Hex/Tloc       0%         N/A       100%        3
 Teleport Other           Tloc           0%         N/A       100%        3
 Olgreb's Toxic Radiance  Pois           0%         N/A       100%        4
 Alistair's Intoxication  Tmut/Pois      0%         N/A       100%        5
 Blade Hands              Tmut           0%         N/A       100%        5
 Excruciating Wounds      Necr           0%         N/A       100%        5
 Iskenderun's Battlesphe  Conj           0%         2d6       100%        5
 Iron Shot                Conj/Erth      0%         9d1       100%        6
 Spellforged Servitor     Conj/Summ      0%         N/A       100%        7


Dungeon Overview and Level Annotations

Branches:
Dungeon (11/15)            Temple (1/1) D:6            Lair (3/6) D:9
  Sewer (visited)
  Swamp: Lair:2-4    Shoals: Lair:2-4     Snake: Lair:2-4    Spider: Lair:2-4
    Orc: D:9-12

Altars:
Ashenzari
Cheibriados
Dithmenos
Elyvilon
Fedhas
Gozag
Hepliaklqana
Makhleb
Nemelex Xobeh
Okawaru
Qazlal
Sif Muna
Vehumet
Wu Jian
Xom
Zin
The Shining One
Ignis

Shops:
D:5 ?

Annotations:
D:11 Lodul
Lair:3 Urug


Innate Abilities, Weirdness & Mutations

You are too large for most types of armour.
You have claws for hands.
Your natural rate of healing is unusually fast.
You are covered in fur. (AC +1)
You have tough skin. (AC +1)


Message History

You block the bog body's attack. You block Urug's attack.
The basilisk gazes at you.
You are slowing down.
Unknown command.
It was a potion of curing.
You feel better. You block the bog body's attack.
You block the basilisk's attack. You block Urug's attack.
You block the bog body's attack.
Your limbs are stiffening.
You completely miss Urug.
Urug is severely wounded.
You block Urug's attack. The basilisk bites you!
The bog body gestures at you while chanting.
The bolt of cold hits you. You resist. You block the basilisk's attack.
Urug barely misses you.
You have turned to stone.
The bog body touches you! The bog body freezes you! You resist.
Urug hits you with a +0 great mace! The basilisk gazes at you.
The bog body gestures at you while chanting.
You resist with significant effort. Urug hits you with a +0 great mace!!
The basilisk bites you.
The bog body touches you but does no damage.
Urug hits you with a +0 great mace!! The basilisk gazes at you.
The bog body touches you. The bog body freezes you! You resist.
Urug hits you with a +0 great mace!
The basilisk bites you but does no damage.
The bog body gestures at you while chanting.
The bolt of cold hits you! You resist. Urug hits you with a +0 great mace!!
* * * LOW HITPOINT WARNING * * *
The basilisk bites you but does no damage.
The bog body casts a spell at you. The bolt of cold hits you! You resist.
* * * LOW HITPOINT WARNING * * *
Urug hits you with a +0 great mace!
* * * LOW HITPOINT WARNING * * *
The basilisk bites you but does no damage.
The bog body casts a spell at you. The bolt of cold hits you! You resist.
* * * LOW HITPOINT WARNING * * *
Urug hits you with a +0 great mace!!
You die...

#...#............†.+#.#
#.#.P.P.......†.....###
#..............PP....#
#####....##.###....###
##. #...##...#.#....#
#.####+#.#..####P..###
#........##.##.......###
#......l..#.##..........
#......@o'..##......##..
#.<.....n....+.......#..
#....<...#P.P.......##P.
#........##.##......###.
#........##.##......# ##
#..###.####.###..####
#### ### #.# ##.# .. [.


You could see Urug, a bog body and a basilisk.

Vanquished Creatures
  Gastronok (D:9)
  The ghost of Tutankhamun the Severer, a journeyman MiCK of Xom (Lair:1)
  A boulder beetle (D:11)
  2 hydras
  2 two-headed ogres
  Pikel (D:4)
  7 black mambas
  6 cane toads
  3 komodo dragons
  A troll (D:10)
  A hornet (D:9)
  A polar bear (Lair:3)
  3 blink frogs (Lair:3)
  A wraith (D:11)
  2 wyverns (Lair:3)
  14 fire elementals
  A basilisk (Lair:2)
  A steam dragon (D:8)
  8 yaks (D:9)
  Edmund (D:4)
  11 water moccasins
  3 orc warriors
  3 black bears
  2 sky beasts (D:5)
  5 wolves (Lair:3)
  2 ogres
  5 centaurs
  A phantom (D:4)
  A lemure (D:4)
  3 kobold brigands
  Blork the orc (D:4)
  2 necrophages
  9 bullfrogs
  4 scorpions
  7 wights
  3 killer bees (D:10)
  The ghost of Jinxxian the Digger, a weakling DrEE (D:3)
  6 howler monkeys
  An electric eel (D:6)
  6 orc priests
  A gnoll shaman (D:9)
  4 hounds
  3 jellies
  4 iguanas (D:5)
  Jessica (D:2)
  Terence (D:2)
  A merfolk siren (Sewer)
  9 orc wizards
  A merfolk avatar (Sewer)
  5 gnolls
  4 river rats (Sewer)
  16 adders
  2 shadow imps
  3 white imps
  3 worms
  3 dart slugs
  19 orcs
  14 ball pythons
  11 endoplasms
  2 giant cockroaches
  3 hobgoblins
  6 jackals
  9 quokkas
  6 bats
  6 frilled lizards
  7 goblins
  25 kobolds
  21 rats
324 creatures vanquished.

Vanquished Creatures (others)
  14 foxfires (D:4)
  51 fungi
  65 plants
  8 toadstools (D:2)
138 creatures vanquished.

Grand Total: 462 creatures vanquished

Notes
Turn   | Place    | Note
-------+----------+-------------------------------------------
     0 | D:1      | Dabor the Troll Fighter began the quest for the Orb.
     0 | D:1      | Reached XP level 1. HP: 22/22 MP: 0/0
    47 | D:1      | Reached XP level 2. HP: 13/29 MP: 1/1
   300 | D:1      | Found a faded altar of an unknown god.
   300 | D:1      | Noticed an eye of devastation
   304 | D:1      | Noticed a floating eye
   304 | D:1      | Noticed an eye of devastation
   304 | D:1      | Noticed a great orb of eyes
   335 | D:1      | Reached XP level 3. HP: 32/36 MP: 2/2
   622 | D:1      | Prayed at the altar of an unknown god.
   622 | D:1      | Became a worshipper of Ignis, the Dying Flame
  1062 | D:2      | Reached XP level 4. HP: 39/44 MP: 3/3
  1172 | D:2      | Noticed Jessica
  1180 | D:2      | Killed Jessica
  1311 | D:2      | Noticed Terence
  1330 | D:2      | Killed Terence
  1331 | D:2      | Reached skill level 1 in Throwing
  1331 | D:2      | Reached XP level 5. HP: 22/53 MP: 4/4
  1966 | D:3      | Found a runed translucent gate.
  1966 | D:3      | Found a runed translucent gate.
  1966 | D:3      | Found a runed translucent gate.
  1982 | D:3      | Found an opulent altar of Gozag.
  1983 | D:3      | Noticed Jinxxian's ghost (weakling DrEE)
  2510 | D:3      | Killed Jinxxian's ghost
  2511 | D:3      | Reached XP level 6. HP: 53/61 MP: 5/5
  2577 | D:4      | Noticed Pikel
  2602 | D:4      | Killed Pikel
  2603 | D:4      | Reached XP level 7. HP: 28/71 MP: 6/6
  2676 | D:4      | Found a stormy altar of Qazlal.
  2898 | D:4      | Found a broken altar of Ashenzari.
  2899 | D:4      | Noticed Edmund
  2901 | D:4      | Noticed Blork the orc
  2938 | D:4      | Killed Edmund
  2947 | D:4      | Reached XP level 8. HP: 33/79 MP: 7/7
  2954 | D:4      | Killed Blork the orc
  3364 | D:5      | Entered Level 5 of the Dungeon
  3422 | D:5      | Found a glowing drain.
  3436 | Sewer    | Entered a sewer
  3544 | Sewer    | Reached skill level 5 in Fighting
  3548 | Sewer    | Reached skill level 5 in Maces & Flails
  3548 | Sewer    | Reached skill level 5 in Dodging
  4110 | D:5      | Reached XP level 9. HP: 68/89 MP: 8/8
  4284 | D:5      | Found Umeydgha's Magic Scroll Shoppe.
  4290 | D:5      | Identified the +9 mace of the Thirteen Deaths {freeze, rC+
                  | rCorr Str-3 Dex+4}
  4294 | D:5      | Bought a scroll of identify for 28 gold pieces
  4294 | D:5      | Bought a scroll of summoning for 133 gold pieces
  4294 | D:5      | Bought a scroll of identify for 28 gold pieces
  4294 | D:5      | Bought a scroll of identify for 28 gold pieces
  4294 | D:5      | Bought a scroll of blinking for 105 gold pieces
  4725 | D:5      | Identified the +7 tower shield of Repulsion {Harm Str+3
                  | Dex+3 Stlth-}
  5174 | D:6      | Found a staircase to the Ecumenical Temple.
  5201 | Temple   | Entered the Ecumenical Temple
  5247 | Temple   | Fell from the grace of Ignis
  5247 | Temple   | Became a worshipper of the Wu Jian Council
  5340 | D:6      | Found an iron altar of Okawaru.
  5343 | D:6      | Found a glowing golden altar of the Shining One.
  6037 | D:7      | Reached * piety under Wu Jian
  6323 | D:7      | You fall into a shaft and drop 3 floors!
  6323 | D:10     | Entered Level 10 of the Dungeon
  6323 | D:10     | Noticed a troll
  6334 | D:10     | Killed a troll
  6608 | D:8      | Reached XP level 10. HP: 100/100 MP: 9/9
  6625 | D:8      | You fall into a shaft and drop 1 floor!
  6625 | D:9      | Noticed Gastronok
  6751 | D:8      | Noticed a two-headed ogre
  6756 | D:8      | Killed a two-headed ogre
  6757 | D:8      | Identified the +10 whip "Spiderbane" {vorpal, Will+}
  7082 | D:8      | Reached ** piety under Wu Jian
  7204 | D:8      | You fall into a shaft and drop 3 floors!
  7221 | D:11     | Was forgiven by Ignis
  7264 | D:11     | Noticed a boulder beetle
  7284 | D:11     | Killed a boulder beetle
  7285 | D:11     | Reached skill level 5 in Shields
  7368 | D:11     | Noticed a two-headed ogre
  7368 | D:11     | Noticed a two-headed ogre
  7370 | D:11     | Noticed a two-headed ogre
  7372 | D:11     | Noticed Lodul
  7374 | D:11     | Noticed a boulder beetle
  7375 | D:11     | Noticed a two-headed ogre
  7376 | D:11     | Noticed a two-headed ogre
  7378 | D:11     | Killed a two-headed ogre
  7379 | D:11     | Reached skill level 1 in Evocations
  7696 | D:9      | Identified the +1 ring mail "Buiche" {rF+++ rCorr Slay+2}
  7835 | D:9      | Killed Gastronok
  7836 | D:9      | Reached XP level 11. HP: 55/111 MP: 10/10
  8095 | D:9      | Found a staircase to the Lair.
  8120 | D:9      | Reached *** piety under Wu Jian
  8456 | Lair:1   | Entered Level 1 of the Lair of Beasts
  8502 | Lair:1   | Noticed an eight-headed hydra
  8520 | Lair:1   | Killed an eight-headed hydra
  8577 | Lair:1   | Found a runed translucent door.
  8577 | Lair:1   | Noticed Tutankhamun's ghost (journeyman MiCK)
  8624 | Lair:1   | Killed Tutankhamun's ghost
  9060 | Lair:1   | Reached XP level 12. HP: 122/122 MP: 11/11
  9065 | Lair:1   | Found the +8 whip "Snakebite" {venom, curare, rPois}
  9534 | Lair:2   | You fall into a shaft and drop 1 floor!
  9550 | Lair:3   | Noticed an eight-headed hydra
  9557 | Lair:3   | Killed an eight-headed hydra
  9715 | Lair:3   | Reached **** piety under Wu Jian
  9746 | Lair:3   | Noticed Urug
  9769 | Lair:3   | Mangled by Urug

Illustrated notes

Levels and vault maps discovered:
D:1:      elethiomel_arrival_quiet, layout_loops_ring,
          hellmonk_ecumenical_altar_watching_god
D:2:      cheibrodos_fertilizer, layout_loops_ring, minmay_quadrilaterals,
          uniq_terence, uniq_jessica
D:3:      layout_loops_ring, ebering_ghost_gozag, grunt_decor_arrowhead
D:4:      layout_loops_cross, old_standard_altar,
          nicolae_overflow_hidden_temple, uniq_edmund, uniq_pikel,
          uniq_blork_the_orc
D:5:      layout_loops_ring, serial_shops, nicolae_shop_advertising_works
          [nicolae_subvault_shop_adworks], cheibrodos_sewer_entry_drain,
          palyth_stone_intersect, minmay_misc_feat_columns,
          minmay_strange_pillars, kennysheep_crisscross, minmay_joined_circles
D:6:      layout_basic, nicolae_overflow_squiral,
          minmay_temple_entry_glassed_door
D:7:      layout_cave_pools, skrybe_limestone_x
D:8:      layout_loops_ring, grunt_ministairs_11
D:9:      layout_roguey, due_lair_maze_entry_diamond, serial_corexii_hall,
          corexii_hall_statues_i, chequers_hall_statues_y, minivault_23,
          nicolae_benzene_ring, uniq_gastronok
D:10:     layout_basic, serial_bayou_pond_e
D:11:     layout_gridville, minmay_radiant, uniq_lodul
Temple:   mainiacjoe_temple_coin_purse
Lair:1:   minmay_guarded_unrand_snakebite, layout_loops_ring,
          hellmonk_ghost_happy_afterlife, infiniplex_staircase_pool_2
Lair:2:   layout_gridlike, grunt_megastairs_3
Lair:3:   layout_roguey, skrybe_swamp_entry_bodies, lemuel_fruit_tree,
          lemuel_fruit_fields, serial_bayou_shore_a, uniq_urug

Skill      XL: |  1  2  3  4  5  6  7  8  9 10 11 12 |
---------------+-------------------------------------+-----
Maces & Flails | 2 3 4 5 7 8 9 |  9.6
Fighting       | 3 4 5 6 7 8 9 |  9.1
Dodging        | 3 4 5 6 7 8 9 |  9.1
Throwing       | 1 2 3 |  3.7
Shields        | 4 5 6 7 |  7.3
Evocations     | 1 3 |  3.7

Action                   |  1- 3 |  4- 6 |  7- 9 | 10-12 || total
-------------------------+-------+-------+-------+-------++-------
Melee: Flail             |   118 |    68 |       |       ||   186
       Whip              |       |    91 |   278 |       ||   369
       Mace              |       |       |   174 |   371 ||   545
Throw: Dart              |     3 |     4 |    10 |    21 ||    38
Invok: Fiery Armour      |       |     1 |     1 |       ||     2
       Foxfire Swarm     |       |       |     2 |       ||     2
       Lunge             |       |       |     6 |    22 ||    28
       Whirlwind         |       |       |     3 |    23 ||    26
       Serpent's Lash    |       |       |       |     1 ||     1
Evoke: Wand              |       |       |       |    12 ||    12
       Tin of tremorston |       |       |       |     2 ||     2
  Use: Scroll            |       |     2 |    10 |     3 ||    15
       Potion            |       |     2 |     1 |     2 ||     5
 Stab: Sleeping          |     1 |     1 |     1 |       ||     3
Armor: Robe              |    63 |    49 |    84 |       ||   196
       Troll leather arm |       |       |    11 |    32 ||    43
Dodge: Dodged            |    60 |    70 |    96 |    58 ||   284
Block: Kite shield       |    53 |    83 |   142 |       ||   278
       Reflection        |       |       |    18 |     3 ||    21
       Tower shield      |       |       |   255 |   416 ||   671

Table legend: (Time is in decaauts)
 A = Elapsed time spent in this place.
 B = Non-inter-level travel time spent in this place.
 C = Inter-level travel time spent in this place.
 D = Time resting spent in this place.
 E = Time spent auto-exploring this place.
 F = Levels seen in this place.
 G = Mean time per level.
                   A        B        C        D        E       F      G
               +--------+--------+--------+--------+--------+-----+--------+
         Total |  10119 |   9558 |    561 |    272 |   6262 |  16 |  632.4 |
       Dungeon |   8236 |   7836 |    400 |    242 |   5286 |  11 |  748.7 |
        Temple |     55 |     46 |      9 |      0 |     28 |   1 |   55.0 |
          Lair |   1349 |   1197 |    152 |     30 |    761 |   3 |  449.7 |
         Sewer |    477 |    477 |      0 |      0 |    186 |   1 |  477.0 |
               +--------+--------+--------+--------+--------+-----+--------+

Top non-repeatable levels by time:
     D:2: 1121 daAuts
  Lair:1: 977 daAuts
     D:5: 973 daAuts
     D:9: 947 daAuts
     D:6: 882 daAuts
     D:8: 837 daAuts
     D:4: 808 daAuts
     D:3: 778 daAuts
     D:1: 742 daAuts
     D:7: 671 daAuts
   Sewer: 477 daAuts
    D:10: 278 daAuts
  Lair:3: 242 daAuts
    D:11: 196 daAuts
  Lair:2: 129 daAuts
